 Dungeon Crawl Stone Soup version 0.21-a0-509-gecc5317 (webtiles) character file.

29 BingusPrime the Insei (level 3, -2/31 HPs)
             Began as a Naga Transmuter on Nov 29, 2017.
             Slain by a gnoll
             ... wielding a +0 halberd
              (9 damage)
             ... on level 2 of the Dungeon.
             The game lasted 00:04:30 (1231 turns).

BingusPrime the Insei (Naga Transmuter)             Turns: 1231, Time: 00:04:31

Health: -2/31      AC:  3    Str: 12    XL:     3   Next: 16%
Magic:  6/6        EV: 10    Int: 13    God:
Gold:   125        SH:  0    Dex: 12    Spells: 5/6 levels left

rFire    . . .     SeeInvis +   e - +0 dagger
rCold    . . .     Gourm    .   (no shield)
rNeg     . . .     Faith    .   b - +1 robe
rPois    +         Spirit   .   (no helmet)
rElec    .         Reflect  .   (no cloak)
rCorr    .         Harm     .   (no gloves)
MR       .....                  (no barding)
Stlth    ++........             f - amulet of inaccuracy (curse)
HPRegen  0.10/turn              h - ring of stealth
MPRegen  0.10/turn              (no ring)

@: appendage (expiring), very slow
A: large, horns 2, see invisible, deformed body, poison resistance, slowness 2,
slow metabolism 1, spit poison 1, AC +1
a: Spit Poison, End Transformation


You were on level 2 of the Dungeon.
You were not hungry.
You had grown temporary horns.
You visited 1 branch of the dungeon, and saw 2 of its levels.

You collected 125 gold pieces.

Inventory:

Hand Weapons
 e - a +0 dagger (weapon)
Missiles
 a - 12 arrows
Armour
 b - a +1 robe (worn)
Jewellery
 f - a cursed amulet of inaccuracy (around neck)
 h - a ring of stealth (left hand)
Scrolls
 g - a scroll of enchant armour
Potions
 i - a potion of brilliance {unknown}
 m - a potion of might {unknown}
Books
 c - a book of Changes

   Spells                             Type                      Level
   a - Beastly Appendage              Transmutation                1
   b - Sticks to Snakes               Transmutation                2
   c - Spider Form                    Transmutation/Poison         3
   d - Ice Form                       Ice/Transmutation            4
   e - Blade Hands                    Transmutation                5
Comestibles
 d - 3 bread rations
 l - 6 fruits


   Skills:
 + Level 1.1 Fighting
 + Level 0.2 Short Blades
 + Level 1.9 Dodging
 + Level 0.7 Stealth
 + Level 3.3 Unarmed Combat
 + Level 2.4 Spellcasting
 + Level 2.1 Transmutations


You had 5 spell levels left.
You knew the following spells:

 Your Spells              Type           Power        Failure   Level  Hunger
a - Beastly Appendage     Tmut           #.....       10%         1    #......


Dungeon Overview and Level Annotations

Branches:
Dungeon (2/15)

Altars:


Innate Abilities, Weirdness & Mutations

You cannot wear boots.
Your serpentine skin is tough. (AC +1)
You have supernaturally acute eyesight. (SInv)
Armour fits poorly on your strangely shaped body.
Your system is resistant to poisons. (rPois)
You cover ground very slowly.
You have a slow metabolism.
You can spit poison.
You have a pair of horns on your head.


Message History

The gnoll hits you with a halberd!
* * * LOW HITPOINT WARNING * * *
You hit the gnoll but do no damage.
The gnoll is lightly wounded.
Casting: Beastly Appendage
Confirm with . or Enter, or press ? or * to list all spells.
You don't know that spell.
Unknown command.
Casting: Beastly Appendage
Confirm with . or Enter, or press ? or * to list all spells.
You don't know that spell.
You closely miss the gnoll. Your headbutt misses the gnoll.
The gnoll is lightly wounded.
Your transformation is almost over.
The gnoll barely misses you.
The gnoll hits you from afar with a halberd.
* * * LOW HITPOINT WARNING * * *
The gnoll misses you.
The gnoll hits you from afar with a halberd!
You die...

...# ..#... ..#..
#..#. #
.#...##...#.#
#..........##
#..>........#
.#.....###.#
#####g# #.# #@#
#.# #.# #.# ###
#.# #
##.########.##...#
#.............#
##.#.#########...#
#.#.# ###


You could see a gnoll.

Vanquished Creatures
  An adder (D:2)
  A leopard gecko (D:1)
  8 bats
  2 goblins (D:1)
  2 hobgoblins (D:1)
  3 kobolds (D:1)
  A frilled lizard (D:1)
  2 rats
20 creatures vanquished.

Notes
Turn   | Place    | Note
-------+----------+-------------------------------------------
     0 | D:1      | BingusPrime the Naga Transmuter began the quest for the Orb.
     0 | D:1      | Reached XP level 1. HP: 18/18 MP: 3/3
    72 | D:1      | Reached XP level 2. HP: 10/25 MP: 3/5
  1181 | D:2      | Reached XP level 3. HP: 27/31 MP: 4/6
  1231 | D:2      | Slain by a gnoll

Vault maps used:
D:1:      kilobyte_arrival_exit_the_forest, minmay_misc_feat_cross
D:2:      old_standard_altar, overflow_temple_1_default, kennysheep_cross_room,
          minivault_26, minmay_stone_trees_small, kennysheep_generic_room_8

Action                   || total
-------------------------++-------
Melee: Dagger            ||    86
       Headbutt          ||     9
       Unarmed           ||     1
 Cast: Beastly Appendage ||    15
  Use: Scroll            ||     4
 Stab: Sleeping          ||     3
  Eat: Chunk             ||     1
Armor: Robe              ||    43
Dodge: Dodged            ||    67

Table legend:
 A = Spawn XP
 B = Non-spawn XP
 C = Spawn XP percentage of total XP
 D = Spawn monster count
 E = Non-spawn monster count
 F = Spawn count percentage of total count
 G = Total turns spent on level
                    A         B        C        D         E        F      G
               +---------+---------+-------+---------+---------+-------+---------
         Total |       0 |      42 |   0.0 |       0 |      20 |   0.0 |  1231
               +---------+---------+-------+---------+---------+-------+---------
           D:1 |       0 |      26 |   0.0 |       0 |      17 |   0.0 |  1168
           D:2 |       0 |      16 |   0.0 |       0 |       3 |   0.0 |    63
               +---------+---------+-------+---------+---------+-------+---------
